AoeStats
← 2035007090

Nomad

503143691Analyzed
4v4 RM · 1mo ago on Aug 30, 2026· 42m 12s· 8 players
Game mode
Random Map
Map size
231×231
Population
200
Speed
Normal
Resources
Standard
Victory
Conquest
Starting age
Dark Age
Ending age
Imperial Age
RankedLock teamsTeams togetherTeam positionsShared explorationLock speedFull tech treeHidden civsTurbo modeCheats
Victory
Defeat
🇧🇷 Koreans · Brazil
1493
+13
🇧🇷 Maya · Brazil
1482
+14
🇹🇷 Tupi · Türkiye
1470
+14
🇨🇳 Mongols · China
1452
+15
🇻🇳 Persians · Vietnam
1450
-15
🇭🇰 Koreans · Hong Kong SAR China
1447
-15
🇻🇳 Dravidians · Vietnam
1429
-14
🇻🇳 Vikings · Vietnam
1409
-13
Kr4mer
5:26 Loom
13:37 Feudal Age
18:38 Castle Age
16:57 Horse Collar
17:11 Double-Bit Axe
17:57 Town Watch
19:52 Heavy Plow
21:54 Fletching
25:34 Padded Archer Armor
26:16 Bodkin Arrow
30:07 Gold Mining
30:41 Bow Saw
31:53 Wheelbarrow
35:53 Imperial Age
35:37 Ballistics
35:59 Leather Archer Armor
35:59 Stone Mining
36:47 Gold Shaft Mining
36:52 Bracer
38:05 Chemistry
38:16 Conscription
38:17 Elite Blackwood Archer
40:53 Curare
Saraiva
4:08 Loom
13:10 Feudal Age
17:05 Castle Age
15:39 Fletching
18:45 Bodkin Arrow
35:42 Padded Archer Armor
36:27 Town Watch
42:45 Medium Warships
2035007090
5:08 Loom
13:53 Feudal Age
17:52 Castle Age
15:55 Double-Bit Axe
16:16 Fishing Lines
17:41 Town Watch
21:31 Fletching
22:28 Gold Mining
22:49 Bow Saw
23:50 Horse Collar
26:49 Wheelbarrow
26:07 Stone Mining
27:04 Heavy Plow
27:11 Bodkin Arrow
28:45 Padded Archer Armor
30:21 Leather Archer Armor
31:52 Ballistics
35:15 Imperial Age
33:17 Hand Cart
35:26 Elite Mangudai
36:07 Bracer
37:09 Chemistry
36:53 Conscription
38:09 Parthian Tactics
37:49 Thumb Ring
37:59 Bloodlines
37:49 Husbandry
37:25 Capped Ram
38:38 Town Patrol
39:52 Masonry
39:48 Siege Engineers
39:15 Siege Ram
40:58 Scale Barding Armor
41:03 Forging
40:15 Light Cavalry
Sorrateiro
5:05 Loom
13:42 Feudal Age
14:36 Town Watch
18:05 Castle Age
15:57 Double-Bit Axe
16:55 Gold Mining
18:19 Fletching
19:31 Bow Saw
19:18 Bodkin Arrow
20:45 Wheelbarrow
24:45 Ballistics
24:47 Horse Collar
25:43 Gold Shaft Mining
30:21 Stone Mining
30:32 Heavy Plow
33:58 Imperial Age
32:10 Stone Shaft Mining
34:18 Husbandry
34:24 Thumb Ring
34:37 Hand Cart
35:49 Two-Man Saw
34:50 Bracer
35:21 Conscription
35:29 Town Patrol
35:32 Treadmill Crane
36:53 Chemistry
36:46 Elite War Wagon
38:27 Coinage
39:38 Banking
Duc dam tac thich bus cu
10:46 Loom
12:51 Feudal Age
aKetbuscugioi
6:28 Loom
12:36 Feudal Age
16:28 Castle Age
15:15 Fletching
16:05 Fishing Lines
17:15 Bodkin Arrow
24:41 Double-Bit Axe
27:51 Wheelbarrow
29:02 Scale Barding Armor
29:08 Forging
31:12 Town Watch
31:55 Gillnets
32:42 Bow Saw
32:18 Horse Collar
34:18 Hand Cart
34:10 Heavy Plow
34:59 Bloodlines
34:49 Husbandry
38:40 Imperial Age
36:40 Chain Barding Armor
38:23 Iron Casting
37:50 Gold Mining
37:51 Stone Mining
40:13 Two-Man Saw
38:36 Cavalier
40:44 Chemistry
42:11 Plate Barding Armor
42:46 Blast Furnace
大庆Song
5:10 Loom
5:41 Loom
17:35 Feudal Age
21:46 Castle Age
27:19 Fishing Lines
28:42 Horse Collar
29:58 Gold Mining
30:00 Double-Bit Axe
30:20 Town Watch
30:51 Bow Saw
30:56 Stone Mining
31:06 Gillnets
33:20 Wheelbarrow
38:15 Imperial Age
36:04 Heavy Plow
38:20 Fletching
38:56 Bodkin Arrow
40:03 Chemistry
40:11 Bracer
39:47 Capped Ram
41:52 Arrowslits
Vũ
11:50 Feudal Age
12:16 Double-Bit Axe
18:48 Castle Age
18:52 Forging
18:57 Fishing Lines
19:42 Medium Warships
20:03 Bow Saw
19:35 Horse Collar
21:18 Iron Casting
20:37 Gold Mining
21:29 Heavy Plow
24:15 Loom
25:48 Wheelbarrow
26:25 Town Watch
26:56 Fletching
28:45 Bodkin Arrow
29:14 Hand Cart
31:54 Imperial Age
29:31 Padded Archer Armor
31:25 Leather Archer Armor
35:01 Ballistics
35:41 Chemistry
34:53 Stone Mining
36:52 Thumb Ring
36:49 Bracer
37:19 Ring Archer Armor
37:28 Devotion
37:47 Elite Elephant Archer
41:48 Elite Skirmisher
Connection lost

Rejoining the realm…

Still unreachable

The connection could not be restored.

Session expired

The server has moved on; the page needs a fresh start.